 Dungeon Crawl Stone Soup version 0.26-a0-524-g073066f631 (webtiles) character file.

Game seed: 6041892905693307111

182 Gargoyl the Skirmisher (level 5, -2/47 HPs)
             Began as a Gnoll Abyssal Knight on Aug 13, 2020.
             Was a Believer of Lugonu.
             Killed by divine providence
             ... invoked by an orc priest
              (10 damage)
             ... on level 3 of the Dungeon.
             The game lasted 00:03:58 (3065 turns).

Gargoyl the Skirmisher (Gnoll Abyssal Knight)       Turns: 3065, Time: 00:03:58

Health: -2/47      AC: 15    Str: 15    XL:     5   Next: 61%
Magic:  8/8        EV:  5    Int: 22    God:    Lugonu [**....]
Gold:   147        SH:  8    Dex: 14    Spells: 7/7 levels left

rFire    . . .     SeeInvis .   k - +1 war axe (vorpal)
rCold    . . .     Faith    .   c - +0 kite shield
rNeg     . . .     Spirit   .   b - +0 chain mail
rPois    .         Reflect  .   (no helmet)
rElec    .         Harm     .   g - scarf {+Inv}
rCorr    .                      e - +2 pair of gloves of the Past {Int+7}
MR       .....                  m - +1 pair of boots
Stlth    ..........             (no amulet)
HPRegen  0.15/turn              (no ring)
MPRegen  0.11/turn              (no ring)

@: lethally poisoned (-2 -> -18)
A: distributed training, fangs 1, strong nose
a: Depart the Abyss, Bend Space, Renounce Religion, Evoke Invisibility


You were on level 3 of the Dungeon.
You worshipped Lugonu.
Lugonu was pleased with you.
You visited 1 branch of the dungeon, and saw 3 of its levels.
You visited the Abyss 1 time.

You collected 147 gold pieces.

Inventory:

Hand Weapons
 a - a +1 hand axe
 k - a +1 vorpal war axe (weapon)
Missiles
 f - 5 javelins (quivered)
Armour
 b - a +0 chain mail (worn)
 c - a +0 kite shield (worn)
 e - the +2 pair of gloves of the Past (worn) {Int+7}
   (You found it on level 2 of the Abyss)

   It affects your intelligence (+7).
 g - a scarf of invisibility (worn)
 m - a +1 pair of boots (worn)
Scrolls
 j - a scroll of identify
Potions
 d - a potion of stabbing {unknown}
 h - 3 potions of curing
 i - a potion of ambrosia {unknown}
 l - a potion of mutation {unknown}
 n - 2 potions of flight {unknown}


   Skills:
 + Level 6.7 Fighting
 + Level 1.5 Short Blades
 + Level 1.5 Long Blades
 + Level 4.8 Axes
 + Level 1.5 Maces & Flails
 + Level 1.5 Polearms
 + Level 1.5 Staves
 + Level 1.5 Slings
 + Level 1.5 Bows
 + Level 1.5 Crossbows
 + Level 1.5 Throwing
 + Level 4.8 Armour
 + Level 3.0 Dodging
 + Level 1.5 Stealth
 + Level 1.5 Shields
 + Level 1.5 Unarmed Combat
 + Level 1.5 Spellcasting
 + Level 1.2 Conjurations
 + Level 1.2 Hexes
 + Level 1.2 Summonings
 + Level 1.2 Necromancy
 + Level 1.2 Translocations
 + Level 1.2 Transmutations
 + Level 1.2 Fire Magic
 + Level 1.2 Ice Magic
 + Level 1.2 Air Magic
 + Level 1.2 Earth Magic
 + Level 1.2 Poison Magic
 + Level 4.9 Invocations
 + Level 1.5 Evocations


You had 7 spell levels left.
You didn't know any spells.
Your spell library was empty.

Dungeon Overview and Level Annotations

Branches:
Dungeon (3/15)

Altars:
Wu Jian
Zin


Innate Abilities, Weirdness & Mutations

Your experience applies equally to all skills.
You have very sharp teeth.
Your uncanny sense of smell can sniff out nearby items.


Message History

* * * LOW HITPOINT WARNING * * *
You feel sick. You block the orc's attack.
The orc priest mumbles some strange prayers to Beogh against you.
You barely resist.
Your chain mail prevents you from hitting the orc priest.
You bite the orc priest.
The orc priest is almost dead.
* * * LOW HITPOINT WARNING * * *
You feel very sick. You block the orc's attack.
The orc priest looks encouraged for a moment.
The orc hits you but does no damage.
You closely miss the orc priest.
The orc priest is almost dead.
* * * LOW HITPOINT WARNING * * *
You feel sick.
The orc priest begins to cast a cantrip, but forgets the words!
The orc priest calls down the wrath of Beogh upon you.
Beogh smites you!
You die...

#. . .## # ..#.#
##.#. ... #o#
#@# ###.####
##.o....#
∆####....##.####
+..............
∆
####....##.####
#....# ∆# #..###
∆ #..#


You could see an orc priest and an orc.

Vanquished Creatures
  Terence (D:2)
  4 gnolls
  5 adders (D:2)
  3 oozes
  A dart slug (D:1)
  3 leopard geckos
  2 orcs (D:3)
  2 ball pythons (D:2)
  4 giant cockroaches
  5 goblins (D:2)
  9 hobgoblins
  2 jackals (D:2)
  2 bats (D:1)
  3 frilled lizards (D:2)
  4 kobolds (D:2)
  6 rats
56 creatures vanquished.

Notes
Turn   | Place    | Note
-------+----------+-------------------------------------------
     0 | Abyss:1  | Gargoyl the Gnoll Abyssal Knight began the quest for the
                  | Orb.
     0 | Abyss:1  | Reached XP level 1. HP: 23/23 MP: 3/3
    64 | Abyss:1  | Noticed a flying skull
   171 | Abyss:2  | Got a pair of crude gloves
   177 | Abyss:2  | Identified the +2 pair of gloves of the Past {Int+7} (You
                  | found it on level 2 of the Abyss)
   177 | Abyss:2  | Noticed an iron imp
   191 | Abyss:2  | Noticed an orange demon
   192 | Abyss:2  | Noticed a raiju
   193 | Abyss:2  | Noticed a raiju
   193 | Abyss:2  | Noticed a jelly
   194 | D:1      | Escaped the Abyss
   520 | D:1      | Reached XP level 2. HP: 28/29 MP: 5/5
   817 | D:1      | Reached * piety under Lugonu
   919 | D:1      | Reached XP level 3. HP: 35/35 MP: 6/6
  1311 | D:2      | Noticed Terence
  1321 | D:2      | Killed Terence
  1321 | D:2      | Reached skill level 1 in Short Blades
  1321 | D:2      | Reached skill level 1 in Long Blades
  1321 | D:2      | Reached skill level 1 in Maces & Flails
  1321 | D:2      | Reached skill level 1 in Polearms
  1321 | D:2      | Reached skill level 1 in Staves
  1321 | D:2      | Reached skill level 1 in Slings
  1321 | D:2      | Reached skill level 1 in Bows
  1321 | D:2      | Reached skill level 1 in Crossbows
  1321 | D:2      | Reached skill level 1 in Throwing
  1321 | D:2      | Reached skill level 1 in Stealth
  1321 | D:2      | Reached skill level 1 in Shields
  1321 | D:2      | Reached skill level 1 in Unarmed Combat
  1321 | D:2      | Reached skill level 1 in Spellcasting
  1321 | D:2      | Reached skill level 1 in Evocations
  1321 | D:2      | Reached XP level 4. HP: 41/41 MP: 7/7
  1378 | D:2      | Found a glowing silver altar of Zin.
  1520 | D:2      | Found an ornate altar of the Wu Jian Council.
  1607 | D:2      | Reached skill level 1 in Conjurations
  1607 | D:2      | Reached skill level 1 in Hexes
  1607 | D:2      | Reached skill level 1 in Summonings
  1607 | D:2      | Reached skill level 1 in Necromancy
  1607 | D:2      | Reached skill level 1 in Translocations
  1607 | D:2      | Reached skill level 1 in Transmutations
  1607 | D:2      | Reached skill level 1 in Fire Magic
  1607 | D:2      | Reached skill level 1 in Ice Magic
  1607 | D:2      | Reached skill level 1 in Air Magic
  1607 | D:2      | Reached skill level 1 in Earth Magic
  1607 | D:2      | Reached skill level 1 in Poison Magic
  1877 | D:2      | Reached XP level 5. HP: 45/47 MP: 8/8
  2883 | D:2      | Reached ** piety under Lugonu
  3065 | D:3      | Killed from afar by an orc priest

Illustrated notes

Levels and vault maps discovered:
D:1:      roderic_dead_forest, layout_basic
D:2:      kennysheep_six_static_rooms, layout_loops_corners, marbit_many_paths,
          lemuel_statue_altar, uniq_terence
D:3:      layout_loops_corners, tgw_trog, minivault_25

Skill      XL: |  1  2  3  4  5 |
---------------+----------------+-----
Short Blades   | 1 |  1.5
Long Blades    | 1 |  1.5
Maces & Flails | 1 |  1.5
Polearms       | 1 |  1.5
Staves         | 1 |  1.5
Slings         | 1 |  1.5
Bows           | 1 |  1.5
Crossbows      | 1 |  1.5
Throwing       | 1 |  1.5
Stealth        | 1 |  1.5
Shields        | 1 |  1.5
Unarmed Combat | 1 |  1.5
Spellcasting   | 1 |  1.5
Evocations     | 1 |  1.5
Conjurations   | 1 |  1.2
Hexes          | 1 |  1.2
Summonings     | 1 |  1.2
Necromancy     | 1 |  1.2
Translocations | 1 |  1.2
Transmutations | 1 |  1.2
Fire Magic     | 1 |  1.2
Ice Magic      | 1 |  1.2
Air Magic      | 1 |  1.2
Earth Magic    | 1 |  1.2
Poison Magic   | 1 |  1.2
Dodging        | 3 |  3.0
Fighting       | |  6.7
Axes           | |  4.8
Armour         | |  4.8
Invocations    | |  4.9

Action                   |  1- 3 |  4- 6 || total
-------------------------+-------+-------++-------
Melee: Hand axe          |    45 |       ||    45
       Bite              |     8 |     8 ||    16
       War axe           |    24 |    98 ||   122
Invok: Depart the Abyss  |     1 |       ||     1
  Use: Scroll            |     2 |     5 ||     7
Armor: Chain mail        |    52 |    68 ||   120
       Leather armour    |     2 |       ||     2
Dodge: Dodged            |    12 |    23 ||    35
Block: Kite shield       |    28 |    46 ||    74

Table legend: (Time is in decaauts)
 A = Elapsed time spent in this place.
 B = Non-inter-level travel time spent in this place.
 C = Inter-level travel time spent in this place.
 D = Time resting spent in this place.
 E = Time spent auto-exploring this place.
 F = Levels seen in this place.
 G = Mean time per level.
                   A        B        C        D        E       F      G
               +--------+--------+--------+--------+--------+-----+--------+
         Total |   3118 |   3071 |     47 |    646 |   1746 |   5 |  623.6 |
       Dungeon |   2924 |   2877 |     47 |    646 |   1623 |   3 |  974.7 |
         Abyss |    194 |    194 |      0 |      0 |    123 |   2 |   97.0 |
               +--------+--------+--------+--------+--------+-----+--------+

Top non-repeatable levels by time:
     D:2: 1639 daAuts
     D:1: 933 daAuts
     D:3: 351 daAuts
 Abyss:2: 120 daAuts
 Abyss:1: 73 daAuts
